 Dungeon Crawl Stone Soup version 0.27.1-33-g824d729ab1 (webtiles) character file.

Game seed: 8501078170782069423

59 jlumianski the Skirmisher (level 4, -1/29 HPs)
             Began as a Gargoyle Monk on Dec 19, 2021.
             Killed from afar by Sigmund (8 damage)
             ... with a magic dart
             ... on level 3 of the Dungeon.
             The game lasted 00:05:29 (1889 turns).

jlumianski the Skirmisher (Gargoyle Monk)           Turns: 1889, Time: 00:05:30

Health: -1/29      AC:  5    Str: 16    XL:     4   Next: 3%
Magic:  4/4        EV: 12    Int: 10    God:
Gold:   84         SH:  3    Dex: 12    Spells: 3/3 levels left

rFire    . . .     SeeInvis .   a - +0 hand axe
rCold    . . .     Faith    .   h - +0 buckler
rNeg     + . .     Spirit   .   b - +0 robe
rPois    ∞         Reflect  .   (no helmet)
rElec    +         Harm     .   (no cloak)
rCorr    .         Rampage  .   (no gloves)
Will     .....                  (no boots)
Stlth    ++........             (no amulet)
HPRegen  0.09/turn              (no ring)
MPRegen  0.09/turn              (no ring)

@: no status effects
A: sickness immunity, AC +3, negative energy resistance 1, electricity
resistance, torment resistance 1, petrification resistance
a: no special abilities


You were on level 3 of the Dungeon.
You visited 1 branch of the dungeon, and saw 3 of its levels.

You collected 84 gold pieces.

Inventory:

Hand Weapons
 a - a +0 hand axe (weapon)
 g - a +0 hunting sling
Missiles
 c - 15 bolts
 f - 35 stones (quivered)
Armour
 b - a +0 robe (worn)
 h - a +0 buckler (worn)
Scrolls
 e - a scroll of vulnerability
 k - a scroll of fog {unknown}
Potions
 d - a potion of degeneration
 i - a potion of flight {unknown}
 j - a potion of curing {unknown}


   Skills:
 + Level 3.8 Fighting
 + Level 3.3 Axes
 + Level 0.3 Slings
 + Level 3.0 Dodging
 + Level 2.3 Stealth


You had 3 spell levels left.
You didn't know any spells.
Your spell library was empty.

Dungeon Overview and Level Annotations

Branches:
Dungeon (3/15)

Altars:

Annotations:
D:3 Sigmund


Innate Abilities, Weirdness & Mutations

You are immune to sickness and miasma.
Your stone body is resilient. (AC +3)
You are immune to poison.
You resist negative energy. (rN+)
You are resistant to electric shocks. (rElec)
You are resistant to unholy torment.
You are immune to petrification.


Message History

Sigmund is severely wounded.
Sigmund casts a spell at you. You resist with some effort.
Fire: 38 stones
Press: ? - help, Q - select action Shift-Dir - straight line, f/p - Sigmund
Aim: Sigmund, wielding a +0 scythe and wearing a +0 robe (severely wounded, 53% to hit)
You shoot a stone. The stone hits Sigmund.
Sigmund is severely wounded.
Fire: 37 stones
Press: ? - help, Q - select action Shift-Dir - straight line, f/p - Sigmund
Aim: Sigmund, wielding a +0 scythe and wearing a +0 robe (severely wounded, 53% to hit)
You shoot a stone. The stone closely misses Sigmund.
Sigmund casts a spell at you. The puff of flame misses you.
Fire: 36 stones
Press: ? - help, Q - select action Shift-Dir - straight line, f/p - Sigmund
Aim: Sigmund, wielding a +0 scythe and wearing a +0 robe (severely wounded, 53% to hit)
You shoot a stone. The stone hits Sigmund.
Sigmund is severely wounded.
Sigmund points at you and mumbles some strange words.
You resist with some effort.
a - a +0 hand axe (weapon)
Sigmund hits you with a +0 scythe.
There is an open door here.
You hit Sigmund.
Sigmund is severely wounded.
Sigmund hits you with a +0 scythe!
You hit Sigmund.
Sigmund is almost dead.
Sigmund gestures at you while chanting. The puff of flame hits you!
* * * LOW HITPOINT WARNING * * *
You closely miss Sigmund.
Sigmund is almost dead.
Sigmund closely misses you.
You closely miss Sigmund.
Sigmund is almost dead.
Sigmund points at you and mumbles some strange words.
The magic dart hits you!
You die...

######### #.......#
#.#####.# #@# #.#
#..@....#.#########
#...(...#.....#...#
#....(..#####.#.#.#
#.......# #.#.#.#
#......(# #.#.#.#
#.......# #.#.#.#
#.......# #.#<#.#
#.###.#


You could see Sigmund.

Vanquished Creatures
  3 dart slugs
  5 bats (D:1)
  8 endoplasms
  A giant cockroach (D:2)
  5 goblins
  6 hobgoblins
  4 jackals (D:1)
  2 kobolds
  2 quokkas (D:2)
  3 ball pythons
  5 frilled lizards
  3 rats (D:1)
47 creatures vanquished.

Notes
Turn   | Place    | Note
-------+----------+-------------------------------------------
     0 | D:1      | jlumianski the Gargoyle Monk began the quest for the Orb.
     0 | D:1      | Reached XP level 1. HP: 14/14 MP: 1/1
    40 | D:1      | Found a faded altar of an unknown god.
   157 | D:1      | Reached XP level 2. HP: 14/19 MP: 2/2
   575 | D:1      | Reached XP level 3. HP: 20/24 MP: 3/3
  1621 | D:2      | Reached XP level 4. HP: 29/29 MP: 4/4
  1877 | D:3      | Noticed Sigmund
  1889 | D:3      | Killed from afar by Sigmund

Illustrated notes

Levels and vault maps discovered:
D:1:      saegor_arrival_simple_d, layout_basic,
          chequers_ecumenical_altar_island
D:2:      layout_rooms
D:3:      layout_basic, uniq_sigmund

Skill      XL: |  1  2  3 |
---------------+----------+-----
Axes           | 3 |  3.3
Dodging        | 3 |  3.0
Fighting       | |  3.8
Slings         | |  0.3
Stealth        | |  2.3

Action                   |  1- 3 |  4- 6 || total
-------------------------+-------+-------++-------
Melee: Hand axe          |   126 |     4 ||   130
 Fire: Hunting sling     |    32 |     7 ||    39
  Use: Scroll            |     2 |       ||     2
Armor: Robe              |    47 |       ||    47
Dodge: Dodged            |   102 |     2 ||   104
